Map: Lerilak Crest

Players

Xenneract - Winner!

  • Race: Zerg Zerg
  • League: Diamond

LilDicky

  • Race: Terran Terran
  • League: Diamond

VOD

http://www.twitch.tv/tumescentpie

Description

Time

  • Played on: Dec. 8, 2015, 12:30 a.m.
  • Length: 9:36
Show
View Real Time Build Order
Export as new Build Order

Xenneract Zerg - Winner!

Build Orders: Hatch First 

Get SALT Encoding   

  12  0:01  Drone  
  13  0:15  Overlord  
  13  0:17  Drone  
  14  0:34  Drone  
  14  0:35  Drone  
  16  0:39  Drone  
  17  0:54  Hatchery  
  16  1:02  Drone x2  
  18  1:13  Spawning Pool  
  18  1:16  Drone  
  18  1:20  Drone  
  18  1:25  Extractor  
  18  1:31  Drone  
  19  1:46  Drone  
  20  1:59  Queen  
  22  2:12  Drone x2, Zergling x2  
  22  2:14  Queen  
  27  2:20  Zergling x2  
  27  2:22  Overlord  
  28  2:34  Metabolic Boost  
  28  2:39  Overlord  
  28  2:40  Queen  
  28  2:43  Drone x3  
  33  2:52  Drone x2  
  35  3:06  Drone x2  
  37  3:14  Drone  
  37  3:15  Drone x3  
  37  3:19  Roach Warren  
  40  3:20  Extractor  
  39  3:37  Hatchery  
  39  3:40  Drone x6  
  43  3:55  Overlord x3  
  43  4:00  Extractor  
  42  4:03  Evolution Chamber  
  42  4:05  Evolution Chamber  
  42  4:08  Drone x3  
  42  4:09  Drone  
  44  4:15  Roach x3  
  50  4:27  Lair  
  50  4:29  Zerg Melee Weapons Level 1  
  50  4:30  Zerg Ground Armor Level 1  
  50  4:34  Roach  
  50  4:35  Roach  
  53  4:49  Roach x4  
  53  4:50  Roach  
  61  4:56  Queen  
  61  4:57  Zergling x2  
  64  5:06  Roach x3  
  70  5:08  Ravager  
  71  5:19  Ravager  
  68  5:50  Roach x6  
  58  6:07  Roach x4  
  58  6:08  Roach x2  
  58  6:09  Queen  
  58  6:10  Queen  
  71  6:17  Queen  
  73  6:20  Glial Reconstitution  
  73  6:30  Drone  
  73  6:32  Overlord x4  
  74  6:41  Zerg Melee Weapons Level 2  
  74  6:50  Queen  
  76  7:00  Drone x6, Spire  
  76  7:01  Drone x2  
  83  7:03  Drone  
  84  7:25  Extractor  
  84  7:28  Drone x6  
  84  7:29  Drone x6, Extractor x2  
  94  7:30  Drone  
  94  7:41  Ravager x2  
  89  8:18  Mutalisk x2  
  89  8:19  Mutalisk x2  
  97  8:24  Roach x3  
  97  8:25  Roach, Zergling x2  
  97  8:27  Overlord x3  
  106  8:41  Overlord x3  
  106  8:47  Mutalisk x2  
  100  9:03  Zergling x10  
  100  9:06  Hatchery  
Show
View Real Time Build Order
Export as new Build Order

LilDicky Terran 

Build Orders: Liberator Opening 

Get SALT Encoding   

  12  0:02  SCV  
  14  0:14  SCV  
  14  0:17  Supply Depot  
  14  0:26  SCV  
  15  0:39  Refinery  
  15  0:40  SCV  
  16  0:45  Barracks  
  16  0:52  SCV  
  17  1:05  SCV  
  17  1:10  Refinery  
  18  1:20  SCV  
  19  1:33  Marine  
  19  1:34  Supply Depot, Orbital Command  
  20  1:45  Factory  
  20  1:51  Marine  
  21  2:10  Barracks Reactor, SCV  
  23  2:22  SCV  
  23  2:30  Armory  
  23  2:34  SCV, Starport  
  24  2:41  Factory Tech Lab  
  24  2:46  Marine  
  24  2:47  SCV, Marine  
  27  2:55  Supply Depot  
  27  3:00  SCV  
  27  3:03  Marine  
  29  3:07  Supply Depot  
  28  3:27  Thor  
  34  3:34  Medivac  
  34  3:38  Marine  
  34  3:39  Marine  
  38  3:47  Liberator  
  38  3:53  SCV  
  39  4:00  Marine x2  
  41  4:05  SCV  
  41  4:06  Supply Depot  
  45  4:18  Marine x2  
  45  4:24  Supply Depot  
  47  4:27  Siege Tank  
  50  4:36  Marine x2  
  52  4:54  Marine  
  57  5:00  Siege Tank  
  57  5:03  Liberator  
  57  5:11  Command Center  
  57  5:14  Marine  
  57  5:16  Marine  
  44  6:08  Marine x2  
  35  6:14  Thor  
  35  6:15  Medivac  
  35  6:16  SCV  
  42  6:25  Marine  
  42  6:26  Orbital Command  
  42  6:28  Marine  
  44  6:43  SCV  
  45  6:49  Command Center, Terran Vehicle And Ship Armor Level 1  
  45  6:59  Thor  
  51  7:08  Marine x2  
  53  7:22  Liberator  
  53  7:37  Marine  
  57  7:44  SCV, Refinery  
  57  7:46  Refinery  
  58  7:56  SCV  
  59  8:08  SCV  
  50  8:30  Marine  
  42  8:57  Starport Tech Lab  
  42  8:58  Factory  
  42  9:00  SCV  
  42  9:01  SCV  
  44  9:13  SCV  
Tags
 
Add a new tag
Caveats
  • Supply blocks, unpowered buildings, or Contaminate may cause inaccurate times.
  • Supply counts are checked every 10 seconds.